 Dungeon Crawl Stone Soup version 0.29.0-4-gdea44cf6ec (webtiles) character file.

Game seed: 14263479263022407592

1425 qw the Cleaver (level 8, -4/61 HPs)
             Began as a Demonspawn Cinder Acolyte on Sept 8, 2022.
             Was a Believer of Ignis.
             Slain by a two-headed ogre
             ... wielding a +0 giant club
              (19 damage)
             ... on level 6 of the Dungeon.
             The game lasted 00:02:02 (5995 turns).

qw the Cleaver (Demonspawn Cinder Acolyte)          Turns: 5995, Time: 00:02:03

Health: -4/61      AC: 26    Str: 17    XL:     8   Next: 44%
Magic:  9/9        EV:  7    Int: 15    God:    Ignis [**....]
Gold:   281        SH:  6    Dex: 13    Spells: 9/9 levels left

rFire   + + .      SeeInvis .   Y - -1 hand axe (flame)
rCold   . . .      Faith    .   g - +2 buckler
rNeg    . . .      Spirit   .   i - +0 chain mail
rPois   .          Reflect  .   c - +1 helmet
rElec   .          Harm     .   m - +2 cloak
rCorr   .          Rampage  .   (no gloves)
Will    .....                   f - +0 pair of boots
Stlth   ..........              (no amulet)
HPRegen 0.20/turn               e - ring of protection from fire
MPRegen 0.11/turn               n - +4 ring of protection

@: about to teleport, fiery-armoured
A: hooves 2, thin skeletal structure 2, foul stench 1
a: Renounce Religion, Fiery Armour, Foxfire Swarm, Rising Flame


You were on level 6 of the Dungeon.
You worshipped Ignis.
Ignis was pleased with you.
You visited 1 branch of the dungeon, and saw 6 of its levels.

You collected 281 gold pieces.


Innate Abilities, Weirdness & Mutations

You have hoof-like feet.
You have a moderately thin skeletal structure. (Dex +4, Stealth++)
You may rarely emit foul miasma when damaged in melee.


   Skills:
 + Level 4.8 Fighting
 - Level 8.0 Axes
 - Level 3.1 Armour
 - Level 2.0 Dodging
 - Level 2.1 Shields
 - Level 1.0 Spellcasting
 - Level 2.6 Fire Magic


You had 9 spell levels left.
You didn't know any spells.
Your spell library contained the following spells:

 Spells                   Type           Power      Damage    Failure   Level
 Scorch                   Fire           16%        2d5       94%         2

Inventory:

Hand Weapons
 Y - a -1 hand axe of flaming (weapon)
Armour
 c - a +1 helmet (worn)
 f - a +0 pair of boots (worn)
 g - a +2 buckler (worn)
 i - a +0 chain mail (worn)
 m - a +2 cloak (worn)
Jewellery
 e - a ring of protection from fire (left hand)
 n - a +4 ring of protection (right hand)
 o - a ring of ice
Scrolls
 a - a scroll of teleportation
 q - a scroll of immolation {unknown}
 r - a scroll of identify
Potions
 b - a potion of mutation {unknown}
 d - a potion of cancellation {unknown}
 h - a potion of attraction {unknown}
 j - a potion of haste {unknown}
 k - 3 potions of curing
 l - a potion of lignification {unknown}
 p - a potion of magic {unknown}

Dungeon Overview and Level Annotations

Branches:
Dungeon (6/15)             Temple (0/1) D:5

Altars:
Nemelex Xobeh
Trog
Vehumet
Wu Jian


Message History

The two-headed ogre is lightly wounded.
You block the two-headed ogre's attack. The two-headed ogre closely misses you.
You hit the two-headed ogre but do no damage.
The two-headed ogre is lightly wounded.
You hit the two-headed ogre. You burn the two-headed ogre.
The two-headed ogre is lightly wounded.
You block the two-headed ogre's attack.
The two-headed ogre hits you with a +0 giant club.
You slash the two-headed ogre! You burn the two-headed ogre.
The two-headed ogre is moderately wounded.
You hit the two-headed ogre. You burn the two-headed ogre.
The two-headed ogre is heavily wounded.
The two-headed ogre barely misses you.
The two-headed ogre hits you with a +0 giant club.
You hit the two-headed ogre. You burn the two-headed ogre.
The two-headed ogre is heavily wounded.
You block the two-headed ogre's attack.
The two-headed ogre hits you but does no damage.
You barely miss the two-headed ogre.
The two-headed ogre is heavily wounded.
You hit the two-headed ogre. You burn the two-headed ogre.
The two-headed ogre is severely wounded.
The two-headed ogre hits you with a +0 giant club!!
You emit a cloud of foul miasma!
You block the two-headed ogre's attack.
5993 ||| INVOKING Fiery Armour.
A protective cloak of flame settles atop you.
The two-headed ogre is engulfed in dark miasma.
The two-headed ogre is poisoned.
The two-headed ogre closely misses you.
The two-headed ogre hits you with a +0 giant club!
The two-headed ogre is burned by your cloak of flames.
The two-headed ogre is severely wounded.
5994 ||| READING 2 scrolls of teleportation.
As you read the scroll of teleportation, it crumbles to dust.
You feel strangely unstable.
You hit the two-headed ogre. You burn the two-headed ogre.
The two-headed ogre is almost dead.
The two-headed ogre is engulfed in dark miasma.
The two-headed ogre looks even sicker.
The two-headed ogre seems to slow down.
The two-headed ogre hits you with a +0 giant club!!
You die...

......##................#
#.##..##...........##...#
####.###...%........##..###
. .................##....#
. ......................###
#...................###.###
##...............#...##...#
###....#.####...O.#.#...###
###.#### #...@..#.......#
#..##...#....### ###
##..##.#.# #########


You could see a two-headed ogre (very poisoned, slow).

Vanquished Creatures
  Eustachio (D:5)
  2 black bears (D:5)
  An ogre (D:5)
  A phantom (D:5)
  A kobold brigand (D:6)
  Blork the orc (D:5)
  2 scorpions
  A necrophage (D:6)
  5 hounds
  3 jellies
  A gnoll bouda (D:6)
  4 iguanas
  2 orc wizards
  5 adders
  5 gnolls (D:6)
  A white imp (D:6)
  A worm (D:2)
  11 orcs
  7 bats
  4 endoplasms
  4 giant cockroaches
  10 hobgoblins
  3 jackals (D:2)
  4 quokkas
  7 ball pythons
  6 frilled lizards
  7 goblins
  15 kobolds
  6 rats
121 creatures vanquished.

Notes
Turn   | Place    | Note
-------+----------+-------------------------------------------
     0 | D:1      | qw the Demonspawn Cinder Acolyte began the quest for the
                  | Orb.
     0 | D:1      | Reached XP level 1. HP: 18/18 MP: 2/2
     0 | D:1      | 0 ||| qw: Version: 0.1-a-111-g1c1fd2e
     0 | D:1      | 0 ||| qw: Game counter: 6578
     0 | D:1      | 0 ||| qw: Always use a shield: true
     0 | D:1      | 0 ||| qw: God list: Okawaru
     0 | D:1      | 0 ||| qw: Allow faded altars: false
     0 | D:1      | 0 ||| qw: Do Orc after D:15 true
     0 | D:1      | 0 ||| qw: Do second Lair branch before Depths: true
     0 | D:1      | 0 ||| qw: Lair rune preference: random
     0 | D:1      | 0 ||| qw: Plans: Normal
     0 | D:1      | 0 ||| PLANNING D:1-11
    36 | D:1      | 36 ||| INVOKING Fiery Armour.
   329 | D:1      | Reached skill level 3 in Axes
   481 | D:1      | Gained mutation: You may rarely emit foul miasma when
                  | damaged in melee. [demonic ancestry]
   481 | D:1      | Reached XP level 2. HP: 21/24 MP: 3/3
   838 | D:1      | 838 ||| INVOKING Fiery Armour.
  1162 | D:1      | 1162 ||| UPGRADING to +0 pair of boots.
  1167 | D:1      | 1167 ||| UPGRADING to +0 chain mail.
  1177 | D:1      | 1177 ||| DROPPING +0 robe.
  1178 | D:1      | 1178 ||| UPGRADING to +2 cloak.
  1183 | D:1      | 1183 ||| READING 3 scrolls labelled VATOUJ IBAX.
  1217 | D:1      | 1217 ||| READING scroll labelled BUNOIPNE IQAN.
  1218 | D:1      | 1218 ||| READING scroll labelled BAFODA USEINO.
  1251 | D:1      | 1251 ||| READING scroll labelled ZOZXAD NUOG.
  1252 | D:1      | 1252 ||| READING scroll labelled YFUYXKIDUH.
  1253 | D:1      | 1253 ||| READING 2 scrolls of teleportation.
  1384 | D:1      | 1384 ||| UPGRADING to +0 helmet.
  1456 | D:1      | 1456 ||| DRINKING 2 murky brown potions.
  1565 | D:2      | Found a bloodstained altar of Trog.
  1631 | D:2      | Reached skill level 1 in Armour
  1631 | D:2      | Gained mutation: You have large cloven feet. [demonic
                  | ancestry]
  1631 | D:2      | Reached XP level 3. HP: 19/29 MP: 4/4
  2044 | D:2      | Reached skill level 4 in Axes
  2168 | D:2      | 2168 ||| Stepping ~*~*~tactically~*~*~ (hiding).
  2238 | D:2      | 2238 ||| INVOKING Fiery Armour.
  2365 | D:2      | 2365 ||| Stepping ~*~*~tactically~*~*~ (stealth).
  2375 | D:2      | 2375 ||| DROPPING scarf of repulsion.
  2376 | D:2      | 2376 ||| UPGRADING to ring of protection from fire.
  2377 | D:2      | 2377 ||| READING 3 scrolls labelled HUTYROPAZA.
  2397 | D:2      | 2397 ||| Stepping ~*~*~tactically~*~*~ (stealth).
  2398 | D:2      | 2398 ||| Stepping ~*~*~tactically~*~*~ (stealth).
  2522 | D:2      | 2522 ||| DRINKING 3 red potions.
  2627 | D:2      | 2627 ||| DRINKING 2 smoky silvery potions.
  2628 | D:2      | 2628 ||| DROPPING 2 potions of berserk rage.
  2629 | D:2      | 2629 ||| DROPPING 2 scrolls of torment.
  2668 | D:3      | Gained mutation: You have hoof-like feet. [demonic
                  | ancestry]
  2668 | D:3      | Reached XP level 4. HP: 29/35 MP: 5/5
  2673 | D:3      | 2673 ||| FLEEEEING.
  2677 | D:3      | 2677 ||| INVOKING Fiery Armour.
  2678 | D:3      | HP: 7/35 [frozen (3)]
  2679 | D:3      | 2679 ||| READING scroll of teleportation.
  2680 | D:3      | 2680 ||| DRINKING potion of heal wounds.
  2683 | D:3      | 2683 ||| STAIRDANCE
  3084 | D:3      | Found a sparkling altar of Nemelex Xobeh.
  3108 | D:3      | Found a faded altar of an unknown god.
  3282 | D:3      | Found a radiant altar of Vehumet.
  3309 | D:3      | 3309 ||| UPGRADING to +4 ring of protection.
  3310 | D:3      | 3310 ||| READING 3 scrolls labelled KECITUM SOSUA.
  3311 | D:3      | 3311 ||| DRINKING 2 viscous black potions.
  3312 | D:3      | 3312 ||| DROPPING potion of degeneration.
  3313 | D:3      | 3313 ||| DROPPING 2 scrolls of amnesia.
  3333 | D:4      | 3333 ||| Stepping ~*~*~tactically~*~*~ (stealth).
  3400 | D:4      | 3400 ||| Stepping ~*~*~tactically~*~*~ (stealth).
  3597 | D:4      | Gained mutation: You have a somewhat thin skeletal
                  | structure. (Dex +2, Stealth+) [demonic ancestry]
  3597 | D:4      | Reached XP level 5. HP: 41/41 MP: 6/6
  3766 | D:4      | 3766 ||| Stepping ~*~*~tactically~*~*~ (stealth).
  3780 | D:4      | Reached skill level 5 in Axes
  4154 | D:4      | Reached XP level 6. HP: 44/47 MP: 7/7
  4300 | D:4      | 4300 ||| READING scroll labelled KENGACONGU.
  4301 | D:4      | 4301 ||| READING 2 scrolls labelled GOTAEB WUOVEI.
  4302 | D:4      | 4302 ||| READING scroll of enchant armour.
  4302 | D:4      | 4302 ||| ENCHANTING +0 helmet.
  4320 | D:5      | Entered Level 5 of the Dungeon
  4337 | D:5      | 4337 ||| Stepping ~*~*~tactically~*~*~ (stealth).
  4342 | D:5      | Noticed Eustachio
  4343 | D:5      | 4343 ||| INVOKING Fiery Armour.
  4354 | D:5      | Killed Eustachio
  4355 | D:5      | Reached skill level 6 in Axes
  4355 | D:5      | Reached XP level 7. HP: 47/52 MP: 8/8
  4425 | D:5      | Noticed Blork the orc
  4426 | D:5      | 4426 ||| Stepping ~*~*~tactically~*~*~ (hiding).
  4438 | D:5      | Killed Blork the orc
  4538 | D:5      | Found an ornate altar of the Wu Jian Council.
  4571 | D:5      | 4571 ||| INVOKING Fiery Armour.
  4800 | D:5      | Found a staircase to the Ecumenical Temple.
  4920 | D:5      | Reached skill level 7 in Axes
  5190 | D:5      | 5190 ||| UPGRADING to +2 buckler.
  5219 | D:6      | 5219 ||| STAIRDANCE
  5233 | D:5      | 5233 ||| INVOKING Fiery Armour.
  5235 | D:5      | Reached skill level 1 in Shields
  5441 | D:6      | 5441 ||| STAIRDANCE
  5507 | D:6      | 5507 ||| STAIRDANCE
  5520 | D:5      | Reached skill level 3 in Armour
  5520 | D:5      | Gained mutation: You have a moderately thin skeletal
                  | structure. (Dex +4, Stealth++) [demonic ancestry]
  5520 | D:5      | Reached XP level 8. HP: 46/61 MP: 9/9
  5643 | D:6      | 5643 ||| INVOKING Fiery Armour.
  5726 | D:6      | 5726 ||| Stepping ~*~*~tactically~*~*~ (stealth).
  5728 | D:6      | 5728 ||| Stepping ~*~*~tactically~*~*~ (stealth).
  5738 | D:6      | 5738 ||| FLEEEEING.
  5739 | D:6      | 5739 ||| FLEEEEING.
  5740 | D:6      | 5740 ||| FLEEEEING.
  5741 | D:6      | 5741 ||| FLEEEEING.
  5742 | D:6      | 5742 ||| FLEEEEING.
  5743 | D:6      | 5743 ||| FLEEEEING.
  5744 | D:6      | 5744 ||| FLEEEEING.
  5745 | D:6      | 5745 ||| FLEEEEING.
  5746 | D:6      | 5746 ||| FLEEEEING.
  5747 | D:6      | 5747 ||| FLEEEEING.
  5748 | D:6      | 5748 ||| Stepping ~*~*~tactically~*~*~ (hiding).
  5753 | D:6      | Reached skill level 8 in Axes
  5957 | D:6      | Noticed a two-headed ogre
  5958 | D:6      | 5958 ||| Stepping ~*~*~tactically~*~*~ (stealth).
  5959 | D:6      | 5959 ||| Stepping ~*~*~tactically~*~*~ (stealth).
  5993 | D:6      | 5993 ||| INVOKING Fiery Armour.
  5993 | D:6      | HP: 15/61 [two-headed ogre/+0 giant club (12)]
  5994 | D:6      | 5994 ||| READING 2 scrolls of teleportation.
  5995 | D:6      | Slain by a two-headed ogre

Levels and vault maps discovered:
D:1:      minmay_arrival_doors, layout_loops_ring, kennysheep_small_spiral
D:2:      layout_loops_cross, basic_altar
D:3:      layout_rooms, mainiacjoe_overflow_tiny_flanked,
          nicolae_vehumet_altar_sigil, basic_ecumenical_altar
D:4:      layout_basic
D:5:      layout_cave_pools, mainiacjoe_overflow_surrounded_room,
          minmay_temple_entry_offerings, uniq_eustachio, uniq_blork_the_orc
D:6:      layout_cave_pools, grunt_ministairs_14

Skill      XL: |  1  2  3  4  5  6  7  8 |
---------------+-------------------------+-----
Axes           | 3 4 5 6 7 8 |  8.0
Armour         | 1 2 3 |  3.1
Dodging        | 2 |  2.0
Fighting       | 4 |  4.8
Shields        | 2 |  2.1
Spellcasting   | |  1.0
Fire Magic     | |  2.6

Action                   |  1- 3 |  4- 6 |  7- 9 || total
-------------------------+-------+-------+-------++-------
Melee: Hand axe          |   140 |   115 |   146 ||   401
       Punch             |       |     2 |     1 ||     3
Invok: Fiery Armour      |     3 |     2 |     4 ||     9
  Use: Scroll            |     7 |     5 |     1 ||    13
       Potion            |     3 |     2 |       ||     5
Armor: Robe              |     9 |       |       ||     9
       Chain mail        |    56 |    88 |   111 ||   255
Dodge: Dodged            |    50 |    33 |    49 ||   132
Block: Buckler           |       |       |    35 ||    35

Table legend:
 A = Non-vault XP
 B = Vault XP
 C = Vault XP percentage of total XP
 D = Non-vault monster count
 E = Vault monster count
 F = Vault count percentage of total count
                 A         B        C        D         E       F
            +---------+---------+-------+---------+---------+-------
      Total |    1741 |     296 |  14.5 |     119 |       2 |   1.7
            +---------+---------+-------+---------+---------+-------
        D:1 |      30 |       0 |   0.0 |      22 |       0 |   0.0
        D:2 |      61 |       0 |   0.0 |      28 |       0 |   0.0
        D:3 |      60 |       0 |   0.0 |      13 |       0 |   0.0
        D:4 |     257 |       0 |   0.0 |      16 |       0 |   0.0
        D:5 |     848 |     296 |  25.9 |      21 |       2 |   8.7
        D:6 |     485 |       0 |   0.0 |      19 |       0 |   0.0
            +---------+---------+-------+---------+---------+-------
